 Dungeon Crawl Stone Soup version 0.31-a0-152-g6aa68a64a1 (webtiles) character file.

Game seed: 186849767770309237

3077 Ofeo the Covert (level 9, -2/48 HPs)
             Began as a Vine Stalker Brigand on June 10, 2023.
             Was a Believer of Wu Jian.
             Shot with an arrow by a centaur (7 damage)
             ... on level 7 of the Dungeon.
             The game lasted 00:11:13 (6831 turns).

Ofeo the Covert (Vine Stalker Brigand)              Turns: 6831, Time: 00:11:13

Health: -2/48      AC: 10    Str: 10 (13) XL:     9   Next: 89%
Magic:  0/9        EV: 13    Int: 11 (13) God:    Wu Jian [**....]
Gold:   131        SH:  0    Dex: 20 (21) Spells: 8/8 levels left

rFire   . . .        G - +6 dagger of Zujavvu {vamp, *Noise rN+ Int+2 SInv}
rCold   . . .        (no shield)
rNeg    + . .        l - +0 ring mail
rPois   .            C - +2 hat
rElec   .            c - +1 cloak
rCorr   .            k - +0 pair of gloves
SInv    +            (no boots)
Will    ++...        (no amulet)
Stlth   ++++         m - ring of willpower
HPRegen 1.08/turn    u - ring of wizardry
MPRegen 0.11/turn

%: guardian spirit, wizardry (x1)
@: invisible
A: fangs 3, regeneration 1, magic shield, antimagic bite, no potion heal 2, low
MP 1
a: Renounce Religion, Wall Jump


You were on level 7 of the Dungeon.
You worshipped Wu Jian.
Wu Jian was pleased with you.
You visited 2 branches of the dungeon, and saw 8 of its levels.
You also visited: Sewer and Ossuary.

You collected 704 gold pieces.
You spent 573 gold pieces at shops.

Inventory:

Hand Weapons
 n - the +9 quarterstaff of Duty {protect, rElec Will- Str+5 Dex-3}
   (You found it on level 3 of the Dungeon)

   Str:       It affects your strength (+5).
   Dex:       It affects your dexterity (-3).
   rElec:     It insulates you from electricity.
   Will:      It decreases your willpower.
 G - the +6 dagger of Zujavvu (weapon) {vamp, *Noise rN+ Int+2 SInv}
   (You bought it in a shop on level 3 of the Dungeon)

   Int:       It affects your intelligence (+2).
   rN:        It protects you from negative energy.
   SInv:      It lets you see invisible.
   *Noise:    It may make noises in combat.
Missiles
 d - 13 poisoned darts
 v - 3 curare-tipped darts
 y - a throwing net
Armour
 c - a +1 cloak (worn)
 k - a +0 pair of gloves (worn)
 l - a +0 ring mail (worn)
 C - a +2 hat (worn)
Jewellery
 m - a ring of willpower (left hand)
 u - a ring of wizardry (right hand)
 F - a +6 ring of strength
Wands
 o - a wand of digging (2) {@v1}
 D - a wand of roots (10)
 H - a wand of charming (3)
Scrolls
 r - 2 scrolls of vulnerability
 s - a scroll of immolation
 x - a scroll of blinking {@r4}
 z - a scroll of teleportation {@r3}
 E - a scroll of silence {unknown}
 I - a scroll of brand weapon
 J - a scroll of enchant weapon {unknown}
Potions
 f - a potion of magic
 g - 4 potions of brilliance
 h - 2 potions of heal wounds {@q2}
 j - 5 potions of resistance {@q6}
 p - 3 potions of mutation
 q - 2 potions of curing {@q1}
 A - a potion of might {@q4}


   Skills:
 + Level 6.2 Fighting
 + Level 3.3 Short Blades
 + Level 6.2 Throwing
 + Level 5.4 Dodging
 + Level 9.8 Stealth


You had 8 spell levels left.
You didn't know any spells.
Your spell library contained the following spells:

 Spells                   Type           Power      Damage    Failure   Level
 Freeze                   Ice            0%         1d3       34%         1
 Sting                    Tmut/Pois      0%         1d3       34%         1
 Poisonous Vapours        Pois/Air       0%         N/A       45%         2
 Frozen Ramparts          Ice            0%         1d1       69%         3
 Hailstorm                Conj/Ice       0%         3d3       69%         3
 Olgreb's Toxic Radiance  Pois           0%         N/A       97%         4


Dungeon Overview and Level Annotations

Branches:
Dungeon (7/15)             Temple (1/1) D:5           Sewer (visited)
Ossuary (visited)

Altars:
Ashenzari
Cheibriados
Dithmenos
Elyvilon
Fedhas
Hepliaklqana
Kikubaaqudgha
Makhleb
Nemelex Xobeh
Qazlal
Ru
Sif Muna
Vehumet
Wu Jian
Xom
Yredelemnul
The Shining One

Shops:
D:3 (   D:5 (


Innate Abilities, Weirdness & Mutations

You have razor-sharp teeth.
Your natural rate of healing is unusually fast.
When hurt, damage is shared between your health and your magic reserves.
Your bite disrupts and absorbs the magic of your enemies.
Potions cannot restore your health.
Your magical capacity is low. (-10% MP)


Message History

Your centaur hits the centaur but does no damage.
Your centaur kicks the centaur.
The centaur dies!
The Council accepts your kill.
You regained 2 hp, and now have 40/48 hp.
You flicker for a moment.
An arrow appears from out of your range of vision.
The arrow hits your centaur.
Your centaur dies!
The centaur wields a +0 orcbow.
The centaur shoots an arrow.
The centaur shoots an arrow.
You flicker back into view.
The centaur shoots an arrow.
The arrow hits you.
The centaur shoots an arrow.
The arrow closely misses you.
You take 3 damage, and have 42/48 hp.
You now have 6/9 mp.
The centaur shoots an arrow.
The arrow hits you but does no damage.
The centaur shoots an arrow.
The arrow hits you!
The centaur shoots an arrow.
The arrow barely misses you.
You take 7 damage, and have 36/48 hp.
You now have 6/9 mp.
Aiming: Fastroot
Press: ? - help, Shift-Dir - straight line The roots erupt in riotous growth!
Roots grab the centaur.
The centaur shouts!
The grasping roots constrict the centaur.
The centaur shoots an arrow.
The arrow hits you.
You take 4 damage, and have 32/48 hp.
The grasping roots constrict the centaur!
The roots release their grip on the centaur.
The centaur shoots an arrow.
The arrow hits you!
The centaur shoots an arrow.
The arrow closely misses you.
The centaur shoots an arrow.
The arrow hits you.
The centaur shoots an arrow.
The arrow hits you!
* * * LOW HITPOINT WARNING * * *
You take 18 damage, and have 14/48 hp.
MASSIVE DAMAGE!!
You now have 2/9 mp.
Okay, then.
You fade into invisibility!
The centaur shoots an arrow.
The arrow hits you!
* * * LOW HITPOINT WARNING * * *
The centaur shoots an arrow.
The arrow hits you!
You die...

≈≈≈≈≈
#..≈≈≈#.#
≈≈≈≈.c
#.cc≈≈≈..#
#....≈≈≈≈.#
#...≈≈≈≈≈.#
....≈≈≈≈≈.#
...≈≈≈≈≈≈.#
≈≈≈≈≈≈≈≈.#
≈≈≈≈≈≈≈#.#
≈≈≈≈...@.#
≈#...#####
...## ###


You could see 2 centaurs.

Vanquished Creatures
  Pikel (D:3)
  Joseph (D:7)
  A hornet (D:6)
  2 water moccasins (D:7)
  An ice beast (D:6)
  A sky beast (D:6)
  A centaur (D:6)
  A lemure (D:4)
  5 phantoms
  2 bullfrogs
  3 scorpions
  4 wights (D:6)
  A howler monkey (D:6)
  4 jellies (Sewer)
  3 hounds
  An orc priest (D:6)
  A gnoll bouda (D:6)
  An iguana (D:5)
  An orc wizard (D:6)
  8 mummies (Ossuary)
  7 adders
  6 gnolls
  A river rat (D:6)
  A shadow imp (D:6)
  2 white imps
  2 ufetubi
  3 worms
  2 orcs
  8 bats
  18 endoplasms
  5 giant cockroaches
  3 gnoll zombies (Ossuary)
  5 goblins
  8 hobgoblins
  3 jackals
  8 kobolds
  3 quokkas
  6 ball pythons
  2 frilled lizards (Sewer)
  A hobgoblin zombie (Ossuary)
  A kobold zombie (Ossuary)
  3 orc zombies (Ossuary)
  8 rats
149 creatures vanquished.

Vanquished Creatures (collateral kills)
  A centaur (D:7)
1 creature vanquished.

Vanquished Creatures (others)
  A centaur (D:7)
1 creature vanquished.

Grand Total: 151 creatures vanquished

Notes
Turn   | Place    | Note
-------+----------+-------------------------------------------
     0 | D:1      | Ofeo the Vine Stalker Brigand began the quest for the Orb.
     0 | D:1      | Reached XP level 1. HP: 11/11 MP: 2/2
   216 | D:1      | Reached skill level 1 in Dodging
   216 | D:1      | Reached XP level 2. HP: 15/15 MP: 3/3
   220 | D:1      | Reached skill level 5 in Stealth
   461 | D:1      | Reached XP level 3. HP: 18/18 MP: 4/4
  1566 | D:3      | Identified the +9 quarterstaff of Duty {protect, rElec
                  | Will- Str+5 Dex-3}
  1651 | D:3      | Gained mutation: Your natural rate of healing is unusually
                  | fast. [Vine Stalker growth]
  1651 | D:3      | Reached XP level 4. HP: 21/23 MP: 5/5
  1775 | D:3      | Found Umina's Weapon Shop.
  2145 | D:4      | Noticed Pikel
  2145 | D:4      | Noticed a lemure
  2145 | D:4      | Noticed a lemure
  2145 | D:4      | Noticed a lemure
  2145 | D:4      | Noticed a lemure
  2191 | D:4      | Noticed a bullfrog
  2193 | D:4      | Killed a bullfrog
  2194 | D:4      | Reached XP level 5. HP: 27/27 MP: 6/6
  2327 | D:4      | Noticed a phantom
  2342 | D:4      | Killed a phantom
  2353 | D:4      | Reached skill level 6 in Stealth
  2590 | D:4      | Killed a lemure
  2623 | D:3      | Killed Pikel
  2624 | D:3      | Reached XP level 6. HP: 29/33 MP: 5/7
  2624 | D:3      | Reached XP level 7. HP: 33/37 MP: 5/8
  2832 | D:5      | Entered Level 5 of the Dungeon
  2847 | D:5      | Reached skill level 7 in Stealth
  2905 | D:5      | Found a sand-covered staircase.
  2914 | Ossuary  | Entered an ossuary
  3244 | D:5      | Found a staircase to the Ecumenical Temple.
  3255 | D:5      | Gained mutation: You have razor-sharp teeth. [Vine Stalker
                  | growth]
  3255 | D:5      | Reached XP level 8. HP: 42/42 MP: 9/9
  3308 | Temple   | Entered the Ecumenical Temple
  3408 | Temple   | Became a worshipper of the Wu Jian Council
  3420 | D:5      | You fall into a shaft and drop 1 floor!
  3475 | D:6      | Found a glowing drain.
  3479 | Sewer    | Entered a sewer
  3565 | Sewer    | Reached * piety under Wu Jian
  3673 | Sewer    | Found a viscous altar of Jiyva.
  3856 | D:6      | Found a sparkling altar of Nemelex Xobeh.
  3861 | D:6      | Noticed a hornet
  3875 | D:6      | Reached skill level 8 in Stealth
  3878 | D:6      | Reached skill level 5 in Fighting
  3882 | D:6      | Killed a hornet
  3883 | D:6      | Reached skill level 5 in Throwing
  3908 | D:6      | Reached XP level 9. HP: 47/47 MP: 10/10
  3915 | D:6      | Gained mutation: Your magical capacity is low. (-10% MP)
                  | [potion of mutation]
  4386 | D:6      | Reached skill level 9 in Stealth
  4529 | D:6      | Reached ** piety under Wu Jian
  5459 | D:5      | Found Muuzoff's Weapon Shop.
  5459 | D:5      | Noticed a +0 demon whip
  5459 | D:5      | Noticed a +0 great mace
  5627 | D:5      | Found a white marble altar of Elyvilon.
  5633 | D:5      | Found a basalt altar of Yredelemnul.
  5872 | D:5      | Found a stormy altar of Qazlal.
  5872 | D:5      | Found a burning altar of Makhleb.
  5878 | D:5      | Found a hazy altar of Hepliaklqana.
  5986 | D:3      | Bought the +6 dagger of Zujavvu {vamp, *Noise rN+ Int+2
                  | SInv} for 573 gold pieces
  6092 | D:7      | Noticed Joseph
  6107 | D:7      | Reached skill level 5 in Dodging
  6124 | D:7      | Killed Joseph
  6601 | D:7      | Found a sacrificial altar of Ru.
  6831 | D:7      | Shot with an arrow by a centaur

Illustrated notes

Levels and vault maps discovered:
D:1:      giann_wishing_wells, layout_basic, serial_forest,
          infiniplex_forest_diagonal, infiniplex_forest_lined_room_2,
          infiniplex_forest_lined_2, infiniplex_forest_diagonal,
          infiniplex_forest_lined_room_2, infiniplex_forest_end_1,
          infiniplex_forest_corner_1, infiniplex_forest_clump_small
D:2:      layout_basic
D:3:      layout_rooms, serial_shops, nicolae_shop_behind_doors
D:4:      layout_cave_pools, uniq_pikel
D:5:      layout_rooms, nicolae_overflow_hallway_of_the_gods,
          minmay_temple_entry_arrows, serial_shops, nicolae_shop_mannequins,
          nicolae_ossuary_entry_ruins, grunt_ministairs_3,
          kennysheep_generic_room_13
D:6:      layout_basic, nemelex_xobeh_ov_fountains_minmay,
          gup_sewer_entry_spiral
D:7:      layout_basic, zin_scriptorium, mainiacjoe_overflow_six_doors_small,
          centaur_isle, uniq_joseph
Temple:   eino_wide_crystal_templ

Skill      XL: |  1  2  3  4  5  6  7  8  9 |
---------------+----------------------------+-----
Dodging        | 1 3 4 5 |  5.4
Stealth        | 5 6 7 8 9 |  9.8
Short Blades   | 2 3 |  3.3
Fighting       | 2 3 4 5 6 |  6.2
Throwing       | 2 3 4 5 6 |  6.2

Action                     |  1- 3 |  4- 6 |  7- 9 || total
---------------------------+-------+-------+-------++-------
  Melee: Dagger            |    82 |       |    62 ||   144
         Bite              |    19 |    12 |    63 ||    94
         Quarterstaff      |    10 |    51 |   173 ||   234
         Punch             |       |       |     1 ||     1
  Throw: Dart              |     1 |       |     3 ||     4
Ability: Lunge             |       |       |    17 ||    17
         Whirlwind         |       |       |     1 ||     1
  Evoke: Wand              |       |       |     2 ||     2
    Use: Scroll            |     4 |       |     8 ||    12
         Potion            |       |       |     7 ||     7
   Stab: Sleeping          |     7 |     3 |    16 ||    26
 Armour: Robe              |    24 |    11 |       ||    35
         Ring mail         |       |    15 |    93 ||   108
  Dodge: Dodged            |    53 |    26 |   134 ||   213

Table legend: (Time is in decaauts)
 A = Elapsed time spent in this place.
 B = Non-inter-level travel time spent in this place.
 C = Inter-level travel time spent in this place.
 D = Time resting spent in this place.
 E = Time spent auto-exploring this place.
 F = Levels seen in this place.
 G = Mean time per level.
                   A        B        C        D        E       F      G
               +--------+--------+--------+--------+--------+-----+--------+
         Total |   6954 |   6582 |    372 |     31 |   5111 |  10 |  695.4 |
       Dungeon |   6316 |   5950 |    366 |     31 |   4816 |   7 |  902.3 |
        Temple |    107 |    101 |      6 |      0 |     67 |   1 |  107.0 |
         Sewer |    310 |    310 |      0 |      0 |    131 |   1 |  310.0 |
       Ossuary |    219 |    219 |      0 |      0 |     97 |   1 |  219.0 |
               +--------+--------+--------+--------+--------+-----+--------+

Top non-repeatable levels by time:
     D:6: 1816 daAuts
     D:1: 938 daAuts
     D:5: 815 daAuts
     D:7: 759 daAuts
     D:3: 745 daAuts
     D:4: 661 daAuts
     D:2: 580 daAuts
   Sewer: 310 daAuts
 Ossuary: 219 daAuts
  Temple: 107 daAuts
